 Dungeon Crawl Stone Soup version 0.18.1-1-g2f07953 (webtiles) character file.

93 Ptimou the Insei (level 4, -3/33 HPs)
             Began as a Human Transmuter on May 7, 2016.
             Was a Follower of Makhleb.
             Killed from afar by Natasha (6 damage)
             ... with a magic dart
             ... on level 3 of the Dungeon.
             The game lasted 00:29:09 (2512 turns).

Ptimou the Insei (Human Transmuter)                 Turns: 2512, Time: 00:29:10

Health: -3/33      AC:  4    Str: 11    XL:     4   Next: 91%
Magic:  7/7        EV: 13    Int: 14    God:    Makhleb [*.....]
Gold:   90         SH:  0    Dex: 13    Spells: 2 memorised, 3 levels left

rFire  . . .     SeeInvis .     l - +1 short sword (speed)
rCold  . . .     Gourm    .     b - +0 robe
rNeg   . . .     Faith    +     (no shield)
rPois  .         Spirit   .     (no helmet)
rElec  .         Dismiss  .     e - +1 cloak
rCorr  .         Reflect  .     (no gloves)
SustAt .         Harm     .     (no boots)
MR     .....                    f - amulet of faith
Stlth  +.........               (no ring)
                                (no ring)

@: not resistant to hostile enchantments, very unstealthy
A: no striking features
a: Renounce Religion


You were on level 3 of the Dungeon.
You worshipped Makhleb.
Makhleb was aware of your devotion.
You were not hungry.

You visited 1 branch of the dungeon, and saw 3 of its levels.

You collected 90 gold pieces.

Inventory:

Hand Weapons
 i - a +1 trident of venom
 l - a +1 short sword of speed (weapon)
Missiles
 a - 12 arrows
 d - 29 poisoned needles (quivered)
Armour
 b - a +0 robe (worn)
 e - a +1 cloak (worn)
Jewellery
 f - an amulet of faith (around neck)
Potions
 g - a potion of curing
Books
 c - a book of Changes

   Spells                             Type                      Level
   a - Beastly Appendage              Transmutation                1
   b - Sticks to Snakes               Transmutation                2
   c - Spider Form                    Transmutation/Poison         3
   d - Ice Form                       Ice/Transmutation            4
   e - Blade Hands                    Transmutation                5
Comestibles
 h - a slice of pizza


   Skills:
 + Level 1.8 Fighting
 + Level 3.0 Dodging
 + Level 0.2 Stealth
 + Level 3.3 Unarmed Combat
 + Level 2.3 Spellcasting
 * Level 2.9 Transmutations
 + Level 0.4 Poison Magic


You had 3 spell levels left.
You knew the following spells:

 Your Spells              Type           Power        Failure   Level  Hunger
a - Beastly Appendage     Trmt           #.....       10%         1    #......
c - Spider Form           Trmt/Pois      #.........   38%         3    ###....


Dungeon Overview and Level Annotations

Branches:
Dungeon (3/15)

Altars:
Makhleb

Annotations:
D:3 Natasha


Message History

The ball python bites you but does no damage.
The ball python closely misses you. The ball python barely misses you.
The ball python grabs you. The ball python constricts you.
You escape the ball python's grasp.
Natasha no longer looks unusually strong.
You hit the ball python.
You kill the ball python!
Makhleb accepts your kill. Natasha casts a spell at you.
The magic dart hits you!
You closely miss Natasha.
Natasha is lightly wounded.
Natasha casts a spell at you. The magic dart hits you!
* * * LOW HITPOINT WARNING * * *
Natasha mewls in sadness.
Natasha stares at you and mumbles some strange words.
The magic dart hits you!
You die...

..............#.####.#
.####..##.#.......5.####
#.......##..§.......
#.###..†.....####### #.#
###.†........... #.#
####.######### #.# #.#
#.########†#
#..@h......#
############


You could see Natasha.

Vanquished Creatures
  An adder (D:2)
  An ooze (D:1)
  6 worms (D:2)
  A dart slug (D:3)
  4 giant geckos
  6 orcs (D:3)
  3 ball pythons
  2 giant cockroaches
  6 hobgoblins
  2 jackals (D:2)
  A quokka (D:3)
  4 bats
  4 giant newts
  5 goblins
  A kobold (D:3)
  4 rats
51 creatures vanquished.

Notes
Turn   | Place    | Note
--------------------------------------------------------------
     0 | D:1      | Ptimou the Human Transmuter began the quest for the Orb.
     0 | D:1      | Reached XP level 1. HP: 15/15 MP: 3/3
   176 | D:1      | Reached XP level 2. HP: 3/21 MP: 1/5
   182 | D:1      | Learned a level 2 spell: Sticks to Snakes
   771 | D:1      | Reached XP level 3. HP: 16/26 MP: 6/6
   776 | D:1      | Learned a level 3 spell: Spider Form
  1159 | D:2      | HP: 1/26 [worm (7)]
  1176 | D:2      | Found a burning altar of Makhleb.
  1221 | D:2      | Became a worshipper of Makhleb the Destroyer
  1245 | D:2      | Reached XP level 4. HP: 15/32 MP: 7/7
  2236 | D:3      | Reached * piety under Makhleb
  2466 | D:3      | Noticed Natasha
  2512 | D:3      | Killed from afar by Natasha

Skill      XL: |  1  2  3  4 |
---------------+-------------+-----
Dodging        | 3 |  3.0
Fighting       | |  1.8
Stealth        | |  0.2
Unarmed Combat | |  3.3
Spellcasting   | |  2.3
Transmutations | |  2.9
Poison Magic   | |  0.4

Action                   |  1- 3 |  4- 6 || total
-------------------------+-------+-------++-------
Melee: Unarmed           |   101 |     5 ||   106
       Kick              |     2 |       ||     2
       Short sword       |    14 |     9 ||    23
       Trident           |     7 |    68 ||    75
       Punch             |     2 |     1 ||     3
 Cast: Beastly Appendage |    19 |     3 ||    22
       Spider Form       |     3 |     8 ||    11
  Use: Potion            |     5 |     1 ||     6
       Scroll            |       |     8 ||     8
 Stab: Sleeping          |       |     1 ||     1
  Eat: Bread ration      |     1 |       ||     1
       Fruit             |       |     4 ||     4
       Beef jerky        |       |     1 ||     1
Armor: Robe              |    29 |    23 ||    52
       Skin              |       |     3 ||     3
Dodge: Dodged            |    95 |    70 ||   165
